Map: Thunderbird LE

Players

Woah - Winner!

  • Race: Terran Terran
  • League: Diamond
  • Spawn Location: 5:00

Saldek

  • Race: Protoss Protoss
  • League: Diamond
  • Spawn Location: 11:00

VOD

Have the link to the VOD?

Description

Time

  • Played on: June 14, 2019, 10:42 p.m.
  • Length: 9:24
Show
View Real Time Build Order
Export as new Build Order

Woah Terran - Winner!

Build Orders: Reaper Expand 

Get SALT Encoding   

  12  0:00  SCV  
  13  0:14  SCV  
  14  0:17  Supply Depot  
  14  0:26  SCV  
  15  0:39  SCV  
  15  0:40  Barracks  
  16  0:44  Refinery  
  16  0:51  SCV  
  17  1:03  SCV  
  18  1:15  SCV  
  19  1:27  Reaper  
  19  1:28  Orbital Command  
  20  1:51  Command Center  
  21  1:54  SCV  
  21  2:01  Supply Depot  
  21  2:05  Barracks Reactor  
  21  2:06  SCV  
  22  2:12  Refinery  
  22  2:25  SCV  
  22  2:27  Factory  
  23  2:37  SCV  
  24  2:40  Marine  
  24  2:41  Marine  
  26  2:58  Marine x2  
  27  3:07  Bunker  
  27  3:08  SCV  
  30  3:13  Starport  
  30  3:14  Factory Tech Lab  
  30  3:16  Marine x2  
  30  3:20  Orbital Command  
  31  3:27  SCV  
  31  3:43  SCV  
  32  3:49  Hellion x2, Stimpack  
  32  3:50  Marine  
  32  3:54  Starport Tech Lab  
  37  4:00  Supply Depot  
  37  4:03  SCV  
  39  4:31  SCV x2  
  39  4:33  Barracks x2  
  40  4:41  Barracks  
  36  4:53  SCV  
  36  4:55  Marauder, Raven  
  36  4:56  SCV  
  36  4:59  Widow Mine  
  46  5:00  Widow Mine  
  46  5:11  SCV  
  46  5:13  SCV  
  48  5:15  Barracks  
  48  5:18  Reaper  
  49  5:23  SCV  
  50  5:32  Barracks Tech Lab x2  
  50  5:33  Barracks Tech Lab  
  50  5:36  Supply Depot  
  50  5:37  SCV, Supply Depot  
  50  5:38  SCV  
  50  5:51  Marauder x2  
  50  5:53  Marauder  
  54  6:02  Marauder  
  56  6:04  SCV x2  
  56  6:06  Combat Shield  
  58  6:14  Marauder  
  58  6:15  Concussive Shells  
  58  6:16  SCV  
  61  6:20  Medivac  
  61  6:22  SCV  
  64  6:30  Medivac  
  64  6:32  Siege Tank  
  69  6:39  Supply Depot  
  69  6:44  Barracks Tech Lab  
  69  7:01  Marauder x4  
  77  7:02  SCV  
  77  7:04  Engineering Bay x2  
  78  7:10  Supply Depot x2  
  78  7:12  Marauder  
  80  7:17  SCV x2  
  80  7:21  Marine  
  80  7:22  Marauder  
  85  7:23  Barracks  
  85  7:29  SCV  
  86  7:32  SCV, Marauder x2  
  86  7:33  Marauder  
  86  7:35  Refinery x2  
  93  7:40  Marauder  
  94  7:44  Command Center  
  87  8:14  Marauder x3, Marine x2  
  87  8:15  SCV  
  82  8:31  Marine  
  82  8:32  Marauder  
  83  8:35  Marine x2  
  83  8:36  Marauder  
  85  8:49  Marine  
  85  8:53  Marauder  
  86  8:56  Marauder x2  
  86  8:57  SCV x2, Marine  
  96  9:09  SCV  
Show
View Real Time Build Order
Export as new Build Order

Saldek Protoss 

Build Orders: 1 Gate Expand, Blink Stalkers 

Get SALT Encoding   

  12  0:00  Probe  
  13  0:13  Probe  
  14  0:17  Pylon  
  14  0:25  Probe  
  15  0:35  Gateway  
  15  0:38  Probe  
  16  0:50  Assimilator, Probe  
  17  1:02  Probe  
  18  1:14  Probe  
  19  1:24  Nexus  
  19  1:32  Cybernetics Core  
  19  1:35  Probe  
  20  1:47  Probe  
  21  1:59  Probe  
  22  2:01  Pylon  
  22  2:05  Assimilator  
  22  2:11  Warp Gate, Probe  
  23  2:19  Stalker  
  24  2:23  Probe  
  25  2:36  Probe  
  26  2:39  Twilight Council  
  26  2:42  Gateway  
  26  2:48  Blink  
  26  2:55  Adept  
  26  3:03  Probe  
  28  3:09  Probe  
  29  3:15  Probe  
  30  3:21  Probe  
  31  3:33  Gateway  
  31  3:35  Gateway  
  31  3:37  Probe  
  31  3:38  Pylon  
  31  3:39  Probe  
  33  3:41  Pylon  
  33  3:49  Probe  
  33  3:51  Probe  
  35  3:58  Templar Archives  
  35  4:01  Probe  
  36  4:03  Probe  
  37  4:13  Probe  
  38  4:22  Probe  
  37  4:25  Probe, Pylon  
  37  4:29  Stalker x3  
  44  4:39  Probe x2  
  44  4:40  Assimilator  
  44  4:42  Assimilator  
  44  4:53  Stalker x2  
  44  4:54  Stalker  
  50  5:08  Stalker  
  52  5:18  Robotics Facility  
  52  5:20  Probe x2  
  52  5:28  Probe x2  
  54  5:31  Stalker x2, Pylon  
  54  5:32  Stalker  
  58  5:56  Stalker x4  
  64  5:59  Psionic Storm  
  64  6:07  Warp Prism  
  66  6:12  Probe x2  
  68  6:24  Probe x2  
  70  6:59  Nexus  
  68  7:06  Probe x2  
  70  7:14  High Templar  
  70  7:15  High Templar x3, Pylon  
  78  7:17  Pylon  
  78  7:18  Pylon  
  78  7:29  Forge  
  78  7:30  Forge  
  78  7:32  Robotics Bay  
  78  7:33  Probe x2  
  78  7:34  Observer  
  75  7:51  Zealot x2  
  75  7:52  Zealot  
  75  7:56  Observer  
  75  7:57  Zealot  
  68  8:28  Stalker x4  
  68  8:33  Archon  
  66  8:55  Zealot, High Templar  
  54  8:56  Zealot x2  
  60  9:05  Gateway x2  
  60  9:07  Gateway  
  60  9:09  Gateway  
Tags
 
Add a new tag
Caveats
  • Supply blocks, unpowered buildings, or Contaminate may cause inaccurate times.
  • Supply counts are checked every 10 seconds.